 Dungeon Crawl Stone Soup version 0.23.2-1-ga50397a (webtiles) character file.

Game seed: 5444098147489332524

347 Fang the Skirmisher (level 6, -14/40 HPs)
             Began as a Gargoyle Berserker on May 15, 2019.
             Was a Believer of Trog.
             Killed by divine providence
             ... invoked by an orc priest
              (16 damage)
             ... on level 4 of the Dungeon.
             The game lasted 00:01:09 (1469 turns).

Fang the Skirmisher (Gargoyle Berserker)            Turns: 1469, Time: 00:01:10

Health: -14/40     AC: 13    Str: 22    XL:     6   Next: 59%
Magic:  6/6        EV:  9    Int:  8    God:    Trog [**....]
Gold:   48         SH:  0    Dex:  9    Spells: 5/5 levels left

rFire    + . .     SeeInvis .   a - +0 hand axe
rCold    + . .     Gourm    .   (no shield)
rNeg     + . .     Faith    .   b - +0 chain mail
rPois    ∞         Spirit   .   (no helmet)
rElec    +         Reflect  .   k - scarf {rC+ rF+}
rCorr    .         Harm     .   (no gloves)
MR       .....                  (no boots)
Stlth    ..........             (no amulet)
HPRegen  0.13/turn              (no ring)
MPRegen  0.10/turn              (no ring)

@: berserk cooldown, slowed, very slow
A: negative energy resistance 1, electricity resistance, unbreathing,
petrification resistance, rot immunity, AC +4
a: Berserk, Trog's Hand, Renounce Religion


You were on level 4 of the Dungeon.
You worshipped Trog.
Trog was pleased with you.
You were hungry.

You visited 1 branch of the dungeon, and saw 3 of its levels.

You collected 48 gold pieces.

Inventory:

Hand Weapons
 a - a +0 hand axe (weapon)
Armour
 b - a +0 chain mail (worn)
 k - a scarf of resistance (worn)
Scrolls
 d - a scroll of remove curse {unknown}
 f - a scroll of magic mapping {unknown}
 i - a scroll of fear {unknown}
 l - a scroll of teleportation {unknown}
Potions
 e - a potion of ambrosia {unknown}
 g - a potion of mutation {unknown}
 h - a potion of heal wounds {unknown}
 m - a potion of haste {unknown}
Comestibles
 c - 5 rations
 j - 2 chunks of flesh


   Skills:
 + Level 4.8 Fighting
 + Level 4.0 Axes
 + Level 4.1 Armour
 + Level 3.0 Dodging


You had 5 spell levels left.
You didn't know any spells.
Your spell library was empty.

Dungeon Overview and Level Annotations

Branches:
Dungeon (2/15)

Altars:


Innate Abilities, Weirdness & Mutations

You are resistant to torment.
Your stone body is resilient. (AC +4)
You are immune to poison.
You resist negative energy. (rN+)
You are resistant to electric shocks. (rElec)
You can survive without breathing.
You are immune to petrification.
You are immune to rotting.


Message History

An orc priest comes into view.
It is wearing a +0 leather armour of magic resistance.
You hear a shout!
The orc priest shouts!
The orc priest mumbles some strange prayers to Beogh against you.
Beogh smites you!
An orc priest comes into view. It is wielding a +0 flail.
The orc priest looks encouraged for a moment.
The orc priest hits you but does no damage.
An orc comes into view.
You can move again.
You are too injured to fight recklessly!
The orc priest looks encouraged for a moment.
The orc priest mumbles some strange prayers to Beogh against you.
Beogh smites you!
* * * LOW HITPOINT WARNING * * *
Things that are here:
a +0 dagger; a +0 robe The orc priest calls down the wrath of Beogh upon you.
Beogh smites you!
You die...

.. .### .o.# #o.## ..#..##
#. #oo# #.###.###
..##[).## #.####@.# ###
#.#####.#.....
#####.........#
#......####.########
#.###...###......... ##.#
###..##.....# #..#
##.#......##
##.#######.#.#.....## ##
#..##....#..>###....###...


You could see 2 orc priests and 2 orcs.

Vanquished Creatures
  Duvessa (D:4)
  An ogre (D:4)
  Dowan (D:4)
  A scorpion (D:4)
  A hound (D:4)
  2 adders (D:4)
  A dart slug (D:4)
  A bat (D:1)
  A giant cockroach (D:1)
  2 hobgoblins (D:1)
  4 jackals (D:1)
  A quokka (D:4)
  4 frilled lizards (D:1)
  A goblin (D:1)
  3 kobolds (D:1)
  3 rats (D:1)
28 creatures vanquished.

Notes
Turn   | Place    | Note
-------+----------+-------------------------------------------
     0 | D:1      | Fang the Gargoyle Berserker began the quest for the Orb.
     0 | D:1      | Reached XP level 1. HP: 14/14 MP: 1/1
   343 | D:1      | Reached XP level 2. HP: 19/19 MP: 2/2
  1245 | D:2      | You fall through a shaft for 2 floors!
  1262 | D:4      | Noticed a scorpion
  1262 | D:4      | Noticed an ogre
  1269 | D:4      | Killed a scorpion
  1269 | D:4      | Reached XP level 3. HP: 24/24 MP: 3/3
  1269 | D:4      | Reached XP level 4. HP: 29/29 MP: 4/4
  1273 | D:4      | Killed an ogre
  1273 | D:4      | Reached XP level 5. HP: 33/33 MP: 5/5
  1447 | D:4      | Noticed Duvessa
  1447 | D:4      | Noticed Dowan
  1456 | D:4      | Killed Duvessa
  1456 | D:4      | Reached XP level 6. HP: 39/39 MP: 6/6
  1459 | D:4      | Killed Dowan
  1459 | D:4      | Reached ** piety under Trog
  1462 | D:4      | Identified the +2 ring mail of Parts Unknown {rF+ Str-2
                  | Int+4 Dex+4}
  1468 | D:4      | HP: 2/40 [orc priest/divine providence (14)]
  1469 | D:4      | Killed from afar by an orc priest

Skill      XL: |  1  2  3  4  5  6 |
---------------+-------------------+-----
Axes           | 3 4 |  4.0
Armour         | 3 4 |  4.1
Dodging        | 2 3 |  3.0
Fighting       | 4 |  4.8

Action                   |  1- 3 |  4- 6 || total
-------------------------+-------+-------++-------
Melee: Hand axe          |    69 |    33 ||   102
Invok: Berserk           |     1 |     1 ||     2
  Eat: Chunk             |     1 |     2 ||     3
Armor: Animal skin       |    32 |       ||    32
       Chain mail        |     2 |    23 ||    25
Dodge: Dodged            |    62 |    15 ||    77
